 Dungeon Crawl Stone Soup version 0.20.1-1-g8b1a95d (webtiles) character file.

12345 Gargoyl the Protected (level 11, -3/95 HPs)
             Began as a Minotaur Abyssal Knight on Aug 3, 2017.
             Was a High Priest of Lugonu.
             Slain by a komodo dragon (19 damage)
             ... on level 2 of the Lair of Beasts.
             The game lasted 00:18:27 (8800 turns).

Gargoyl the Protected (Minotaur Abyssal Knight)     Turns: 8800, Time: 00:18:27

Health: -3/95      AC: 18    Str: 18    XL:     11   Next: 61%
Magic:  16/16      EV: 10    Int:  9    God:    Lugonu [*****.]
Gold:   470        SH:  0    Dex: 12    Spells: 10/10 levels left

rFire    . . .     SeeInvis .   C - +0 hand axe (flame)
rCold    + . .     Gourm    .   (no shield)
rNeg     . . .     Faith    .   E - +0 chain mail
rPois    .         Spirit   .   D - +2 hat {MR+}
rElec    .         Reflect  .   b - +1 cloak
rCorr    .         Harm     .   u - +0 pair of gloves
MR       +....                  (no boots)
Stlth    ..........             p - amulet of regeneration
Regen    0.7/turn               h - ring of protection from cold
MPRegen  0.2/turn               (no ring)

@: hasted, very quick
A: retaliatory headbutt, horns 2
a: Depart the Abyss, Bend Space, Banish, Corrupt, Enter the Abyss, Renounce
Religion


You were on level 2 of the Lair of Beasts.
You worshipped Lugonu.
Lugonu was extremely pleased with you.
You were very hungry.

You visited 2 branches of the dungeon, and saw 10 of its levels.
You visited the Abyss 1 time.

You collected 470 gold pieces.

Inventory:

Hand Weapons
 a - a +1 hand axe
 e - the +7 scimitar "Xinixzox" {distort, *Rage rC++ rN+ Int+4}
   (You found it on level 3 of the Abyss)

   It warps and distorts space around it.
   Unwielding it can cause banishment or high damage.
   It affects your intelligence (+4).
   It greatly protects you from cold.
   It protects you from negative energy.
   It may make you go berserk in combat.
 C - a +0 hand axe of flaming (weapon)
 K - a cursed +5 long sword
Missiles
 A - a steel javelin (quivered)
Armour
 b - a +1 cloak (worn)
 u - a +0 pair of gloves (worn)
 D - a +2 hat of magic resistance (worn)
 E - a +0 chain mail (worn)
Jewellery
 h - a ring of protection from cold (left hand)
 p - an amulet of regeneration (around neck)
 w - an uncursed ring of flight
Wands
 y - a wand of lightning (8/15)
Scrolls
 i - 4 scrolls of identify
 t - 9 scrolls of teleportation
 z - 2 scrolls of amnesia
 B - 2 scrolls of magic mapping
 H - a scroll of recharging
 I - a scroll of remove curse
Potions
 f - a potion of ambrosia {unknown}
 g - 3 potions of lignification {unknown}
 j - 2 potions of brilliance {unknown}
 l - 3 potions of heal wounds {unknown}
 m - 4 potions of curing {unknown}
 q - 2 potions of degeneration {unknown}
 r - a potion of magic {unknown}
 v - a potion of berserk rage {unknown}
 F - a potion of mutation {unknown}
 G - a potion of agility {unknown}
 J - a potion of invisibility {unknown}
Books
 x - a book of Minor Magic

   Spells                             Type                      Level
   a - Magic Dart                     Conjuration                  1
   b - Blink                          Translocation                2
   c - Call Imp                       Summoning                    2
   d - Slow                           Hexes                        2
   e - Conjure Flame                  Conjuration/Fire             3
   f - Mephitic Cloud                 Conjuration/Poison/Air       3
Comestibles
 c - 9 bread rations
 d - 2 royal jellies
 k - 26 fruits
 o - 5 meat rations


   Skills:
 + Level 8.6 Fighting
 + Level 12.1 Long Blades
 + Level 2.8 Axes
 + Level 0.2 Throwing
 * Level 12.8 Armour
 + Level 4.9 Dodging
 * Level 8.0 Invocations


You had 10 spell levels left.
You didn't know any spells.

Dungeon Overview and Level Annotations

Branches:
Dungeon (8/15)             Temple (0/1) D:4            Lair (2/6) D:8
  Swamp: Lair:2-4    Shoals: Lair:2-4     Snake: Lair:2-4    Spider: Lair:2-4

Altars:
Kikubaaqudgha
Okawaru
Qazlal
Sif Muna
Trog
Uskayaw

Annotations:
Lair:2 exclusion: oklob plant


Innate Abilities, Weirdness & Mutations

You reflexively headbutt those who attack you in melee.
You have a pair of horns on your head.


Message History

You furiously retaliate!
You headbutt the bullfrog!
The four-headed hydra bites you but does no damage. x2
The four-headed hydra bites you.
* * * LOW HITPOINT WARNING * * *
The four-headed hydra bites you.
* * * LOW HITPOINT WARNING * * *
You see here a spiny frog corpse.
The komodo dragon hisses angrily.
You hit the komodo dragon but do no damage.
The komodo dragon bites you.
* * * LOW HITPOINT WARNING * * *
You hit the komodo dragon. You burn the komodo dragon.
Your headbutt misses the komodo dragon.
The komodo dragon is lightly wounded.
The komodo dragon bites you.
* * * LOW HITPOINT WARNING * * *
You hit the komodo dragon but do no damage.
The komodo dragon is lightly wounded.
The komodo dragon bites you!!
You die...

# .#..........##....# #.#...P# #
##.#...........###...####.....###
...............###....##....#..#
.....(........###...####.P.#...#
.............###...## ##..P###.#
..... #.### #P..## #.#
..#..........# #.#######..####.##
#..#.........###..##.##....##...#
#..........##.@......#....#..##
#..........#.l..........#.....
#........##........#.........
##..............#..#.##..#....
#P.(..........#############...
#.............## .# ##..
#..#....##P....##.### #P..
##..#..#.###......... #...
##..#...###.#..#.### #...


You could see a komodo dragon.

Vanquished Creatures
  A death yak (Lair:1)
  2 black mambas (Lair:1)
  3 spiny frogs
  A torpor snail (Lair:1)
  A komodo dragon (Lair:1)
  Prince Ribbit (D:5)
  Grinder (D:5)
  A hornet (Lair:1)
  3 hippogriffs
  4 blink frogs (Lair:1)
  A spriggan (Lair:1)
  10 yaks
  3 porcupines
  A water moccasin (D:8)
  2 orc warriors (D:8)
  A black bear (D:6)
  2 phantoms
  3 ogres
  A centaur (D:8)
  28 wolves
  8 bullfrogs
  A big kobold (D:8)
  2 scorpions
  A killer bee (D:7)
  4 wights (D:7)
  A howler monkey (D:7)
  A crimson imp (D:8)
  A centaur zombie (D:6)
  A quasit (D:7)
  4 hounds
  An orc priest (D:4)
  4 orc wizards
  3 bullfrog skeletons
  2 centaur skeletons
  2 iguanas
  3 worker ants
  2 hound skeletons
  2 worker ant zombies (D:5)
  8 gnolls
  8 adders
  2 oozes (D:1)
  An adder zombie (D:6)
  4 worms
  2 dart slugs
  4 leopard geckos
  30 orcs
  7 giant cockroaches
  2 goblins
  6 hobgoblins
  11 jackals
  13 kobolds
  5 quokkas
  A ball python (D:1)
  9 bats
  9 frilled lizards
  A jackal skeleton (D:4)
  2 leopard gecko skeletons
  5 rats
  A fungus (Lair:1)
  A plant (D:8)
245 creatures vanquished.

Vanquished Creatures (others)
  2 oklob plants (Lair:2)
  A kobold demonologist (D:6)
  A black bear (D:8)
  A phantom (Lair:1)
  2 wolves (Lair:1)
  A centaur (D:6)
  A scorpion (D:5)
  An iguana (D:5)
  An orc wizard (D:5)
  A worker ant (D:7)
  An orc (D:5)
  2 fungi
  4 plants (Lair:2)
19 creatures vanquished.

Grand Total: 264 creatures vanquished

Notes
Turn   | Place    | Note
-------+----------+-------------------------------------------
     0 | Abyss:1  | Gargoyl the Minotaur Abyssal Knight began the quest for the Orb.
     0 | Abyss:1  | Reached XP level 1. HP: 19/19 MP: 1/1
    71 | Abyss:3  | Noticed a fire bat
    77 | Abyss:3  | Got an encrusted scimitar
    78 | D:1      | Escaped the Abyss
    79 | D:1      | Identified the +7 scimitar "Xinixzox" {distort, *Rage rC++ rN+ Int+4} (You found it on level 3 of the Abyss)
   122 | D:1      | Reached * piety under Lugonu
   122 | D:1      | Reached XP level 2. HP: 21/27 MP: 2/2
   313 | D:1      | Reached XP level 3. HP: 28/34 MP: 3/3
   625 | D:2      | Found a bloodstained altar of Trog.
  1020 | D:2      | Found an ancient bone altar of Kikubaaqudgha.
  1285 | D:3      | Reached ** piety under Lugonu
  1434 | D:3      | Reached skill level 1 in Long Blades
  1490 | D:3      | Reached XP level 4. HP: 41/41 MP: 4/4
  2103 | D:4      | Reached XP level 5. HP: 42/47 MP: 4/6
  2228 | D:4      | Noticed an ogre
  2232 | D:4      | Noticed an ogre
  2235 | D:4      | Killed an ogre
  2235 | D:4      | Reached XP level 6. HP: 48/55 MP: 7/7
  2541 | D:4      | Found a staircase to the Ecumenical Temple.
  2599 | D:4      | Reached *** piety under Lugonu
  2697 | D:4      | Reached skill level 5 in Long Blades
  2697 | D:4      | Reached skill level 5 in Armour
  2697 | D:4      | Reached XP level 7. HP: 54/60 MP: 8/8
  2766 | D:4      | Reached skill level 5 in Fighting
  2850 | D:4      | Found a stormy altar of Qazlal.
  2971 | D:5      | Entered Level 5 of the Dungeon
  3195 | D:5      | Found a hide-covered altar of Uskayaw.
  3214 | D:5      | Noticed Prince Ribbit
  3218 | D:5      | Killed Prince Ribbit
  3361 | D:5      | Noticed Grinder
  3386 | D:5      | Paralysed by Grinder for 4 turns
  3397 | D:5      | Killed Grinder
  3397 | D:5      | Reached XP level 8. HP: 70/70 MP: 10/10
  3973 | D:6      | Reached **** piety under Lugonu
  4276 | D:6      | Reached skill level 5 in Invocations
  4563 | D:6      | Noticed a hippogriff
  4570 | D:6      | Noticed a kobold demonologist
  4600 | D:6      | Killed a hippogriff
  4600 | D:6      | Reached XP level 9. HP: 75/75 MP: 10/12
  4632 | D:6      | Banished a kobold demonologist
  4752 | D:7      | Identified a scroll of acquirement
  5954 | D:8      | Found an iron altar of Okawaru.
  6117 | D:8      | Found a staircase to the Lair.
  6180 | D:8      | Found a deep blue altar of Sif Muna.
  6516 | D:8      | Reached ***** piety under Lugonu
  6568 | D:8      | Reached skill level 10 in Long Blades
  6678 | Lair:1   | Entered Level 1 of the Lair of Beasts
  6723 | Lair:1   | Noticed a spriggan rider
  6727 | Lair:1   | Reached XP level 10. HP: 76/84 MP: 13/13
  6737 | Lair:1   | Reached skill level 10 in Armour
  6747 | Lair:1   | Noticed a torpor snail
  6752 | Lair:1   | Noticed a death yak
  6895 | Lair:1   | Killed a death yak
  7106 | Lair:1   | Noticed a spiny frog
  7111 | Lair:1   | Killed a torpor snail
  7112 | Lair:1   | Killed a spiny frog
  7121 | Lair:1   | Noticed a black mamba
  7126 | Lair:1   | Killed a black mamba
  7126 | Lair:1   | Reached XP level 11. HP: 57/94 MP: 15/15
  8637 | Lair:2   | Noticed an oklob plant
  8637 | Lair:2   | Noticed an oklob plant
  8639 | Lair:2   | Noticed an oklob plant
  8738 | Lair:2   | Banished an oklob plant
  8740 | Lair:2   | Banished an oklob plant
  8768 | Lair:2   | Noticed a seven-headed hydra
  8800 | Lair:2   | Slain by a komodo dragon

Skill      XL: |  1  2  3  4  5  6  7  8  9 10 11 |
---------------+----------------------------------+-----
Fighting       | 4 5 6 8 |  8.6
Invocations    | 2 3 4 5 6 7 8 |  8.0
Armour         | 3 4 5 6 8 9 11 12 | 12.8
Long Blades    | 1 2 3 5 6 8 10 11 12 | 12.1
Dodging        | 2 3 4 |  4.9
Axes           | |  2.8
Throwing       | |  0.2

Action                   |  1- 3 |  4- 6 |  7- 9 | 10-12 || total
-------------------------+-------+-------+-------+-------++-------
Melee: Scimitar          |    56 |    67 |   186 |   164 ||   473
       Headbutt          |     1 |    14 |    25 |    33 ||    73
       Hand axe          |       |       |       |    10 ||    10
Throw: Javelin           |       |     1 |     1 |     1 ||     3
Invok: Depart the Abyss  |     1 |       |       |       ||     1
       Banish            |       |       |       |     2 ||     2
  Use: Scroll            |     3 |     5 |     9 |     1 ||    18
       Potion            |       |       |       |     2 ||     2
  Eat: Chunk             |     2 |     4 |    13 |     6 ||    25
Armor: Leather armour    |    12 |       |       |       ||    12
       Ring mail         |    14 |    22 |       |       ||    36
       Scale mail        |       |    20 |    15 |       ||    35
       Chain mail        |       |       |   114 |   172 ||   286
Dodge: Dodged            |    46 |    54 |   102 |   135 ||   337
       Rpst.: Scimitar   |    12 |    19 |    22 |    34 ||    87
